Map: Orbital Shipyard

Players

Crowbar

  • Race: Zerg Zerg
  • League: Grandmaster

Senin - Winner!

  • Race: Zerg Zerg
  • League: Grandmaster

Event: Gauntlet LotV Series 1 Qualifier 2

VOD

Have the link to the VOD?

Description

Time

  • Played on: Dec. 5, 2015, 1:43 p.m.
  • Length: 6:56

All games in this series

Show
View Real Time Build Order
Export as new Build Order

Crowbar Zerg 

Build Orders: Hatch First, Roach Nydus 

Get SALT Encoding   

  12  0:00  Drone  
  13  0:13  Overlord  
  13  0:17  Drone  
  14  0:31  Drone x2  
  16  0:50  Hatchery  
  16  0:53  Drone  
  16  1:00  Drone  
  16  1:03  Extractor  
  16  1:11  Spawning Pool  
  16  1:13  Drone  
  16  1:17  Drone  
  17  1:26  Drone  
  18  1:37  Drone  
  19  1:43  Overlord  
  19  1:58  Queen  
  19  1:59  Zergling x2  
  22  2:03  Drone, Queen  
  22  2:05  Metabolic Boost  
  25  2:09  Drone  
  25  2:12  Drone  
  25  2:15  Drone  
  28  2:22  Drone  
  29  2:24  Drone  
  30  2:34  Queen  
  32  2:37  Drone  
  32  2:42  Drone  
  32  2:43  Overlord  
  34  2:49  Drone  
  35  3:02  Roach Warren, Drone x2  
  35  3:14  Queen  
  35  3:17  Overlord  
  35  3:18  Drone x2  
  35  3:19  Drone  
  40  3:20  Overlord  
  40  3:26  Zergling x4  
  40  3:27  Zergling x2  
  43  3:35  Drone  
  43  3:37  Lair  
  44  3:42  Extractor  
  43  3:49  Drone x4  
  43  3:53  Evolution Chamber  
  46  3:56  Drone x4  
  50  4:05  Extractor  
  46  4:10  Hatchery  
  45  4:18  Overlord x2  
  45  4:19  Zerg Missile Weapons Level 1  
  45  4:21  Roach x2  
  45  4:22  Roach  
  51  4:28  Overlord  
  51  4:37  Glial Reconstitution  
  55  4:38  Roach x3  
  55  4:39  Roach  
  59  4:54  Queen x2  
  59  4:59  Extractor  
  62  5:00  Nydus Network  
  62  5:04  Hatchery  
  60  5:09  Overlord  
  60  5:11  Overseer  
  60  5:13  Drone x3  
  63  5:16  Roach  
  63  5:17  Roach  
  63  5:20  Roach  
  69  5:43  Roach x2  
  69  5:44  Roach x5  
  66  6:04  Nydus Canal  
  55  6:17  Roach x6  
Show
View Real Time Build Order
Export as new Build Order

Senin Zerg - Winner!

Build Orders: Hatch First 

Get SALT Encoding   

  12  0:00  Drone  
  13  0:12  Overlord  
  13  0:17  Drone  
  14  0:30  Drone x2  
  16  0:36  Drone  
  17  0:52  Hatchery  
  17  0:55  Drone  
  17  0:57  Drone  
  17  1:03  Extractor  
  17  1:06  Drone  
  18  1:16  Spawning Pool  
  17  1:19  Drone  
  18  1:29  Drone  
  19  1:38  Overlord  
  19  1:49  Drone  
  20  2:00  Drone  
  21  2:03  Queen  
  21  2:04  Queen  
  21  2:05  Metabolic Boost, Drone  
  26  2:10  Drone  
  26  2:14  Drone  
  28  2:21  Drone  
  29  2:25  Zergling x2  
  30  2:32  Zergling x2  
  30  2:34  Baneling Nest  
  30  2:37  Overlord  
  30  2:40  Queen  
  30  2:43  Drone  
  33  2:47  Drone  
  34  2:55  Drone  
  35  2:59  Drone  
  35  3:04  Drone  
  37  3:08  Drone  
  38  3:15  Drone x6  
  44  3:20  Evolution Chamber  
  44  3:22  Evolution Chamber  
  44  3:23  Drone  
  44  3:24  Extractor  
  42  3:30  Drone  
  42  3:32  Drone  
  44  3:35  Overlord  
  44  3:47  Hatchery  
  44  3:48  Zerg Melee Weapons Level 1  
  43  3:54  Roach Warren, Baneling x2  
  42  3:55  Zergling x2  
  42  3:56  Zergling x2  
  42  3:58  Zergling x2  
  42  3:59  Zergling x2  
  42  4:02  Zergling x4  
  47  4:16  Zerg Ground Armor Level 1  
  47  4:17  Drone x4  
  51  4:26  Lair  
  51  4:27  Extractor  
  51  4:29  Overlord  
  51  4:30  Overlord  
  50  4:33  Overlord  
  50  4:39  Extractor  
  50  4:40  Drone  
  50  4:41  Drone  
  51  4:51  Zergling x4  
  51  4:52  Zergling x10  
  58  5:00  Drone x2  
  58  5:01  Drone x2  
  62  5:07  Zergling x2  
  62  5:12  Zergling x4  
  65  5:20  Zergling x4  
  65  5:21  Zergling x2  
  68  5:25  Spire  
  68  5:26  Overlord  
  68  5:27  Overlord  
  67  5:30  Overlord  
  67  5:34  Drone x2  
  67  5:35  Drone  
  70  5:37  Drone  
  70  5:39  Drone  
  72  5:43  Zergling x4  
  74  5:54  Zergling x10  
  78  6:00  Zergling x4  
  78  6:01  Zergling x6  
  79  6:07  Zergling x2  
  79  6:08  Zergling x6  
  79  6:17  Zergling x8  
  73  6:32  Zergling x10  
  72  6:34  Zergling x2  
Tags
 
Add a new tag
Caveats
  • Supply blocks, unpowered buildings, or Contaminate may cause inaccurate times.
  • Supply counts are checked every 10 seconds.